Get step-by-step instructions on how to execute this build order below. Start the game timer, and the build order will tick by so you can play in parallel with StarCraft on a second screen or mobile device.

Game Time

  0:00

Last Step

  N/A

Next Step

  12  1:52  Probe  

Upcoming Step

  13  2:02  Pylon, Assimilator  

Don't want to look back and forth between 2 screens? Try out our Overwolf App, the Spawning Tool Build Advisor to get an in-game overlay with this build!

Complete Build Order

  12  1:52  Probe  
  13  2:02  Pylon, Assimilator  
  13  2:04  Probe  
  14  2:16  Probe  
  14  2:18  Nexus  
  15  2:29  Probe  
  16  2:41  Probe  
  17  3:25  Gateway  
  17  3:26  Probe  
  18  3:29  Probe  
  18  3:30  Pylon  
  19  3:34  Probe  
  19  3:37  Probe  
  20  3:42  Probe  
  20  3:43  Assimilator  
  20  3:46  Probe  
  22  3:52  Probe  
  24  3:58  Probe  
  25  4:04  Probe  
  26  4:10  Probe  
  26  4:17  Probe  
  28  4:22  Probe  
  29  4:28  Assimilator  
  29  4:29  Assimilator, Probe  
  30  4:33  Cybernetics Core  
  30  4:34  Probe  
  31  4:40  Cybernetics Core  
  31  4:41  Probe  
  31  4:45  Cybernetics Core, Probe  
  32  4:50  Probe  
  33  4:53  Probe  
  33  4:58  Probe  
  35  5:01  Probe  
  37  5:07  Probe  
  37  5:12  Probe  
  39  5:19  Probe  
  40  5:22  Pylon  
  40  5:24  Probe, Protoss Air Weapons Level 1  
  40  5:25  Protoss Air Armor Level 1  
  40  5:26  Pylon  
  41  5:31  Stargate, Probe  
  41  5:32  Stargate  
  41  5:34  Pylon  
  42  5:36  Stargate  
  42  5:37  Stargate, Probe  
  42  5:41  Stargate  
  43  5:43  Stargate, Probe  
  43  5:46  Probe  
  43  5:47  Stargate  
  43  5:48  Stargate  
  45  5:50  Pylon  
  45  5:51  Probe  
  45  5:54  Probe  
  45  5:56  Pylon  
  46  5:59  Probe  
  46  6:03  Probe  
  48  6:10  Probe  
  50  6:15  Probe  
  51  6:22  Probe  
  52  6:31  Fleet Beacon  
  68  6:40  Void Ray  
  68  6:41  Void Ray x3  
  68  6:51  Pylon  
  68  7:00  Pylon  
  68  7:03  Pylon x2  
  68  7:07  Gateway  
  68  7:08  Gateway  
  68  7:10  Gateway x2, Pylon x2  
  68  7:11  Gateway  
  68  7:14  Gateway  
  68  7:19  Protoss Air Weapons Level 2, Protoss Air Armor Level 2  
  68  7:28  Gateway  
  72  7:30  Void Ray  
  72  7:32  Gateway  
  72  7:35  Gateway  
  72  7:39  Gateway  
  72  7:40  Gateway  
  72  7:43  Gateway  
  72  7:56  Carrier  
  78  8:14  Pylon x2  
  78  8:19  Pylon  
  78  8:20  Pylon x3  
  78  8:21  Pylon, Flux Vanes  
  78  8:26  Pylon  
  78  8:32  Pylon  
  78  8:33  Pylon  
  78  8:36  Pylon  
  78  8:46  Forge  
  78  8:48  Forge x2  
  78  9:12  Carrier  
  78  9:13  Carrier  
  78  9:16  Protoss Ground Weapons Level 1  
  90  9:26  Protoss Ground Armor Level 1, Protoss Shields Level 1  
  90  9:32  Twilight Council  
  90  9:35  Warp Gate  
  90  10:01  Protoss Air Weapons Level 3  
  98  10:31  Charge  
  98  10:36  Mothership  
  98  11:24  Pylon  
  98  11:32  Pylon, Protoss Air Armor Level 3  
  98  11:58  Gateway  
  98  12:00  Gateway  
  98  12:02  Gateway  
  98  12:07  Pylon  
  98  12:08  Gateway  
  98  12:09  Gateway  
  98  12:10  Gateway, Pylon  
  98  12:14  Gateway  
  98  12:15  Pylon  
  98  12:16  Gateway x2  
  98  12:18  Gateway  
  98  12:19  Gateway x2  
  98  12:20  Gateway  
  98  12:21  Gateway x2  
  98  12:22  Gateway  
  97  12:23  Gateway  
  97  12:24  Gateway  
  97  12:27  Gateway  
  97  12:28  Gateway x2  
  97  12:30  Gateway  
  97  12:32  Gateway  
  97  12:33  Gateway  
  97  12:34  Gateway  
  97  12:37  Gateway  
  97  13:12  Protoss Shields Level 2, Protoss Ground Armor Level 2, Protoss Ground Weapons Level 2  
  97  13:13  Robotics Facility  
  97  13:16  Robotics Facility  
  97  13:22  Pylon  
  97  13:26  Carrier  
  97  13:27  Carrier x2  
  115  13:55  Blink  
  115  14:32  Templar Archives  
  115  14:34  Dark Shrine  
  115  14:37  Robotics Bay  
  115  14:43  Observer  
  115  14:44  Warp Prism  
  118  16:10  Colossus x2  
  118  16:24  Extended Thermal Lance  
  130  16:36  Protoss Ground Armor Level 3, Protoss Ground Weapons Level 3, Protoss Shields Level 3  
  130  16:39  Robotics Facility  
  130  16:42  Robotics Facility  
  130  16:56  Zealot x5  
  130  16:57  Zealot x5  
  130  16:58  Zealot x6  
  130  16:59  Zealot x4  
  130  17:00  Zealot x2  
  130  17:01  Zealot x5  
  176  17:02  Zealot x6  
  196  17:30  Zealot x2  
  200  18:10  Photon Cannon  
  200  18:11  Photon Cannon  
  200  18:13  Photon Cannon  
  200  18:17  Photon Cannon  
  200  18:18  Photon Cannon  
  200  18:20  Photon Cannon x2  
  200  18:23  Photon Cannon x2  
  200  18:27  Photon Cannon  
  200  18:28  Photon Cannon  
  200  18:29  Photon Cannon x2  
  200  18:31  Photon Cannon  
  200  18:32  Photon Cannon  
  200  18:35  Photon Cannon  
  200  18:36  Photon Cannon x2  
  200  18:37  Photon Cannon  
  200  18:39  Photon Cannon  
  200  18:40  Photon Cannon  
  200  18:42  Photon Cannon x3  
  200  18:45  Photon Cannon  
  200  18:46  Pylon, Photon Cannon  
  200  18:48  Photon Cannon  
  200  18:49  Photon Cannon  
  200  18:52  Photon Cannon  
  200  18:57  Pylon  
  200  19:49  Resonating Glaives  
  200  19:50  Shadow Stride  
  200  19:53  Gravitic Drive  
  200  19:55  Psionic Storm  
  200  20:03  Nexus  
  200  20:04  Pylon  
  200  20:07  Assimilator  
  200  20:12  Assimilator  
  200  20:50  Gravitic Boosters  
  192  22:31  Zealot x3  
  192  22:32  Zealot  
  176  22:52  Zealot x3  
  176  22:53  Zealot x6  
  176  22:54  Zealot x5  
  176  22:55  Zealot x4  
  176  22:56  Zealot x3  
  112  23:14  Carrier  
  112  23:15  Carrier x7  
  112  23:18  Colossus x3  
  166  23:23  Zealot x4  
  166  23:24  Zealot x6  
  166  23:25  Zealot x5  
  166  23:26  Zealot x5  
  188  23:27  Zealot x2  
  188  23:28  Zealot x3  
  188  23:29  Zealot x2  
  172  23:53  High Templar x3  
  172  23:54  High Templar x6  
  172  23:55  High Templar x4  
  188  24:00  Archon  
  188  24:01  Archon x5  
  182  24:04  High Templar  
  182  24:08  Archon  
  184  24:18  Dark Templar  
  184  24:19  Carrier  
  192  24:53  High Templar x2  
  192  24:59  Archon  
  171  26:20  Stalker x2  
  171  26:21  Zealot x3  
  171  26:22  Zealot x3  
  171  26:24  Photon Cannon  
  187  26:27  Photon Cannon  
  187  26:29  Photon Cannon  
  187  26:30  Photon Cannon  
  187  26:32  Photon Cannon  
  173  26:35  Photon Cannon  
  173  26:37  Stalker x3, Photon Cannon  
  173  26:38  Stalker, Photon Cannon  
  175  26:40  Photon Cannon  
  175  26:42  Photon Cannon  
  175  26:45  Photon Cannon  
  171  26:47  Photon Cannon  
  149  26:54  Photon Cannon  
  149  26:55  Stalker x5, Photon Cannon  
  124  27:09  Observer  
  124  27:10  Observer  
  124  27:13  Tempest x4  
  136  27:17  Zealot x4  
  136  27:18  Zealot x5  
  136  27:19  Zealot x3  
  123  27:50  Stalker  
  123  27:51  Stalker  
  106  27:52  Stalker  
  106  27:53  Stalker